AoeStats
← guerras90

MegaRandom

508653811Analyzed
2v2 RM · 8d ago on Sep 23, 2026· 31m 16s· 4 players
Game mode
Random Map
Map size
Medium (4 player)
Population
200
Speed
Normal
Resources
Standard
Victory
Conquest
Starting age
Dark Age
Ending age
Imperial Age
RankedLock teamsTeams togetherTeam positionsShared explorationLock speedFull tech treeHidden civsTurbo modeCheats
Victory
Defeat
🇨🇳 Magyars · China
815
+17
🇨🇳 Tatars · China
814
+17
🇵🇱 Poles · Poland
868
-19
🇪🇸 Aztecs · Spain
792
-15
灰色中分小哥♪
4:22 Loom
12:18 Feudal Age
16:12 Double-Bit Axe
19:03 Castle Age
17:23 Fletching
17:40 Padded Archer Armor
19:49 Bodkin Arrow
24:36 Husbandry
27:13 Ballistics
29:28 Wheelbarrow
28:36 Horse Collar
30:29 Leather Archer Armor
Sternenhimmel
8:02 Loom
11:25 Feudal Age
16:09 Castle Age
13:56 Double-Bit Axe
14:58 Horse Collar
22:51 Bow Saw
24:30 Scale Barding Armor
25:06 Heavy Plow
25:11 Town Watch
26:07 Bloodlines
27:36 Wheelbarrow
29:30 Gold Mining
30:51 Fletching
guerras90
13:25 Feudal Age
19:33 Castle Age
17:05 Man-at-Arms
18:23 Scale Mail Armor
20:50 Long Swordsman
23:03 Horse Collar
24:03 Elite Skirmisher
25:38 Gambesons
25:54 Squires
26:29 Pikeman
29:08 Double-Bit Axe
kewin990
0:31 Loom
12:51 Feudal Age
13:39 Horse Collar
13:46 Double-Bit Axe
13:53 Stone Mining
13:55 Gold Mining
21:09 Castle Age
21:59 Elite Skirmisher
25:47 Wheelbarrow
Connection lost

Rejoining the realm…

Still unreachable

The connection could not be restored.

Session expired

The server has moved on; the page needs a fresh start.